 Seeded DCSS version 0.31-a0-986-g5e6e4ef867 (webtiles) character file.

Game seed: 15151140065775608576 (custom seed)

16 timneilson the Shield-Bearer (level 2, 0/19 HPs)
             Began as a Gargoyle Fighter on Nov 12, 2023.
             Frozen to death by an endoplasm (3 damage)
             ... on level 2 of the Dungeon.
             The game lasted 00:00:54 (980 turns).

timneilson the Shield-Bearer (Gargoyle Fighter)      Turns: 980, Time: 00:00:55

Health: 0/19       AC: 12    Str: 19    XL:     2   Next: 58%
Magic:  2/2        EV:  7    Int:  8    God:
Gold:   60         SH:  4    Dex:  9    Spells: 1/1 levels left

rFire   . . .        a - +0 long sword
rCold   . . .        c - +0 buckler
rNeg    + . .        e - +0 chain mail {Will+}
rPois   ∞            (no helmet)
rElec   +            (no cloak)
rCorr   .            (no gloves)
SInv    .            (no boots)
Will    +....        (no amulet) Stlth
                     (no ring)
HPRegen 0.23/turn    (no ring)
MPRegen 0.08/turn

%: no passive effects
@: no status effects
A: sickness immunity, AC +2, negative energy resistance 1, electricity
resistance, torment resistance 1, petrification resistance
a: no special abilities


You were on level 2 of the Dungeon.
You visited 1 branch of the dungeon, and saw 2 of its levels.

You collected 60 gold pieces.

Inventory:

Hand Weapons
 a - a +0 long sword (weapon)
Armour
 c - a +0 buckler (worn)
 e - a +0 chain mail of willpower (worn)
Potions
 d - a potion of might
 f - a potion of haste {unknown}


   Skills:
 + Level 3.3 Fighting
 * Level 2.0 Long Blades
 * Level 3.5 Armour
 + Level 0.2 Dodging
 * Level 3.6 Shields


You had one spell level left.
You didn't know any spells.
Your spell library was empty.

Dungeon Overview and Level Annotations

Branches:
Dungeon (2/15)

Altars:


Innate Abilities, Weirdness & Mutations

You are immune to sickness and miasma.
Your stone body is resilient. (AC +2)
You are immune to poison.
You resist negative energy. (rN+)
You are resistant to electric shocks. (rElec)
You are resistant to unholy torment.
You are immune to petrification.


Message History

There is a stone staircase leading up here.
An endoplasm comes into view.
The endoplasm quivers.
The orc throws a boomerang.
The boomerang hits you.
You slash the ball python!
You kill the ball python!
The orc throws a boomerang.
The boomerang hits you.
A ball python comes into view.
You barely miss the orc.
The ball python hisses angrily.
You block the orc's attack.
You closely miss the orc. The endoplasm freezes you.
You are frozen.
The orc hits you but does no damage. The endoplasm barely misses you.
The orc hits you but does no damage.
You hit the orc.
The orc is severely wounded.
The endoplasm jiggles.
The endoplasm freezes you.
You are frozen.
* * * LOW HITPOINT WARNING * * *
The orc hits you but does no damage.
You hit the endoplasm but do no damage. The orc hits you but does no damage.
The endoplasm freezes you.
You are frozen.
* * * LOW HITPOINT WARNING * * *
The ball python bites you.
* * * LOW HITPOINT WARNING * * *
The ball python grabs you. The ball python constricts you.
You escape the ball python's grasp.
The orc hits you but does no damage.
You see here a ball python corpse.
You hit the endoplasm.
The endoplasm is heavily wounded.
The endoplasm hits you but does no damage.
You hit the endoplasm.
The endoplasm is almost dead.
The endoplasm hits you but does no damage.
The endoplasm freezes you.
You are frozen.
You die...

# #. #..#########
#...@JS#...#
.#.####†#.#.#.###
...>.....<.......
.#.#....###.#.###
#....# # #.....
#..... #..#+##
##.


You could see an endoplasm and a ball python.

Vanquished Creatures
  A dart slug (D:1)
  2 bats (D:1)
  A goblin (D:1)
  2 hobgoblins (D:1)
  2 ball pythons
  A frilled lizard (D:1)
  3 kobolds (D:1)
  3 rats (D:1)
15 creatures vanquished.

Notes
Turn   | Place    | Note
-------+----------+-------------------------------------------
     0 | D:1      | timneilson the Gargoyle Fighter began the quest for the
                  | Orb.
     0 | D:1      | Reached XP level 1. HP: 14/14 MP: 1/1
   163 | D:1      | Reached XP level 2. HP: 18/19 MP: 2/2
   980 | D:2      | Frozen to death by an endoplasm

Illustrated notes

Levels and vault maps discovered:
D:1:      beargit_arrival_diablo_church, layout_basic
D:2:      layout_basic, basic_ecumenical_altar

Skill      XL: |  1 |
---------------+----+-----
Long Blades    | 2 |  2.0
Fighting       | |  3.3
Armour         | |  3.5
Dodging        | |  0.2
Shields        | |  3.6

Action                     || total
---------------------------++-------
  Melee: Long sword        ||    72
    Use: Scroll            ||     3
 Armour: Chain mail        ||    65
  Dodge: Dodged            ||    29
  Block: Buckler           ||    16

Table legend: (Time is in decaauts)
 A = Elapsed time spent in this place.
 B = Non-inter-level travel time spent in this place.
 C = Inter-level travel time spent in this place.
 D = Time resting spent in this place.
 E = Time spent auto-exploring this place.
 F = Levels seen in this place.
 G = Mean time per level.
                   A        B        C        D        E       F      G
               +--------+--------+--------+--------+--------+-----+--------+
         Total |   1003 |    976 |     27 |    100 |    704 |   2 |  501.5 |
       Dungeon |   1003 |    976 |     27 |    100 |    704 |   2 |  501.5 |
               +--------+--------+--------+--------+--------+-----+--------+

Top non-repeatable levels by time:
     D:1: 990 daAuts
     D:2: 13 daAuts
